PL
VANCOUVER GREY WOLVES @ BUCKHEAD BOWTIES
07/28/2024
 
TOP OF THE 1ST
Vancouver Grey Wolves batting - Pitching for Buckhead Bowties : RHP Germán Rodríguez
Pitching: RHP Germán Rodríguez
Batting: LHB José Alonso 0-0: Swinging Strike
0-1: Ball
1-1: Ball
2-1: Ball
3-1: SOLO HOME RUN (Flyball, 8LXD), Distance : 434 ft
Batting: SHB Gregg Wagner 0-0: Called Strike
0-1: SINGLE (Line Drive, 56D)
Batting: LHB Emílio Barbán 0-0: Called Strike
Gregg Wagner is caught stealing 2nd base
0-1: Foul Ball, location: 2F
0-2: SINGLE (Line Drive, 6D)
Batting: LHB Min-heui Im 0-0: Ball
1-0: Called Strike
1-1: Ball
2-1: Ball
3-1: Fielders Choice at 2nd, 4-6 (Groundball, 4)
Batting: LHB Timmy Appeldoorn 0-0: Foul Ball, location: 2F
0-1: Foul Ball, location: 2F
0-2: Strikes out swinging
Top of the 1st over - 1 run(s), 3 hit(s), 0 error(s), 1 left on base; Vancouver 1 - Buckhead 0
BOTTOM OF THE 1ST
Buckhead Bowties batting - Pitching for Vancouver Grey Wolves : LHP Seung-hyeon So
Pitching: LHP Seung-hyeon So
Batting: RHB Enrique Marroquín 0-0: Ball
1-0: Swinging Strike
1-1: Fly out, F8 (Line Drive, 8LM)
Batting: LHB Gregg Young 0-0: Ball
1-0: Called Strike
1-1: Ball
2-1: SINGLE (Line Drive, 8RS)
Batting: LHB Neil Lawson 0-0: Ball
1-0: Fly out, F8 (Flyball, 8LXD)
Batting: LHB Tony Martínez 0-0: Ground out 4-3 (Groundball, 4)
Bottom of the 1st over - 0 run(s), 1 hit(s), 0 error(s), 1 left on base; Vancouver 1 - Buckhead 0
TOP OF THE 2ND
Vancouver Grey Wolves batting - Pitching for Buckhead Bowties : RHP Germán Rodríguez
Batting: RHB Travis Newsome 0-0: Swinging Strike
0-1: Swinging Strike
0-2: Ball
1-2: Ball
2-2: Foul Ball, location: 2F
2-2: Foul Ball, location: 2F
2-2: Strikes out swinging
Batting: LHB David Hubbard 0-0: Ball
1-0: Ball
2-0: Ground out 4-3 (Groundball, 34)
Batting: LHB Thomas Campbell 0-0: Called Strike
0-1: Ground out 4-3 (Groundball, 4)
Top of the 2nd over - 0 run(s), 0 hit(s), 0 error(s), 0 left on base; Vancouver 1 - Buckhead 0
BOTTOM OF THE 2ND
Buckhead Bowties batting - Pitching for Vancouver Grey Wolves : LHP Seung-hyeon So
Batting: RHB Mike Brown 0-0: Ground out U3 (Groundball, 3S)
Batting: LHB Mysterious Walker 0-0: Ball
1-0: Called Strike
1-1: Ball
2-1: Foul Ball, location: 2F
2-2: Ball
3-2: Foul Ball, location: 2F
3-2: Foul Ball, location: 2F
3-2: Base on Balls
Batting: RHB Albert Morales 0-0: Called Strike
0-1: Ball
1-1: Ball
2-1: Ball
3-1: Called Strike
3-2: Grounds into double play, 1-6-3 (Groundball, 15)
Bottom of the 2nd over - 0 run(s), 0 hit(s), 0 error(s), 0 left on base; Vancouver 1 - Buckhead 0
TOP OF THE 3RD
Vancouver Grey Wolves batting - Pitching for Buckhead Bowties : RHP Germán Rodríguez
Batting: RHB Danny Walsh 0-0: Fly out, F8 (Line Drive, 8LM)
Batting: LHB José Alonso 0-0: Foul Ball, location: 2F
0-1: Ball
1-1: Ball
2-1: Swinging Strike
2-2: Ground out 4-3 (Groundball, 4)
Batting: SHB Gregg Wagner 0-0: Ball
1-0: Called Strike
1-1: Ball
2-1: Foul Ball, location: 2F
2-2: Strikes out swinging
Top of the 3rd over - 0 run(s), 0 hit(s), 0 error(s), 0 left on base; Vancouver 1 - Buckhead 0
BOTTOM OF THE 3RD
Buckhead Bowties batting - Pitching for Vancouver Grey Wolves : LHP Seung-hyeon So
Batting: RHB Lorenzo Díaz 0-0: Ball
1-0: Ball
2-0: Ball
3-0: Called Strike
3-1: Base on Balls
Batting: RHB Gabriel Rodríguez 0-0: Ball
1-0: Called Strike
1-1: Ball
2-1: Foul Ball, location: 2F
2-2: Strikes out looking
Batting: RHB Enrique Marroquín 0-0: Ball
1-0: Called Strike
1-1: Ball
2-1: Foul Ball, location: 2F
2-2: Strikes out swinging
Batting: LHB Gregg Young 0-0: Fly out, F6 (Popup, 5DF)
Bottom of the 3rd over - 0 run(s), 0 hit(s), 0 error(s), 1 left on base; Vancouver 1 - Buckhead 0
TOP OF THE 4TH
Vancouver Grey Wolves batting - Pitching for Buckhead Bowties : RHP Germán Rodríguez
Batting: LHB Emílio Barbán 0-0: Foul Ball, location: 2F
0-1: Ball
1-1: Foul Ball, location: 2F
1-2: Foul Ball, location: 2F
1-2: Ball
2-2: Strikes out swinging
Batting: LHB Min-heui Im 0-0: Foul Ball, location: 2F
0-1: Ball
1-1: Ball
2-1: SINGLE (Line Drive, 56)
Batting: LHB Timmy Appeldoorn 0-0: Ball
1-0: Ball
2-0: Called Strike
2-1: Swinging Strike
2-2: Grounds into double play, 1-6-3 (Groundball, 13)
Top of the 4th over - 0 run(s), 1 hit(s), 0 error(s), 0 left on base; Vancouver 1 - Buckhead 0
BOTTOM OF THE 4TH
Buckhead Bowties batting - Pitching for Vancouver Grey Wolves : LHP Seung-hyeon So
Batting: LHB Neil Lawson 0-0: Called Strike
0-1: Foul Ball, location: 2F
0-2: Ball
1-2: Ball
2-2: Foul Ball, location: 2F
2-2: Ball
3-2: Foul Ball, location: 2F
3-2: Foul Ball, location: 2F
3-2: Ground out 4-3 (Groundball, 34S)
Batting: LHB Tony Martínez 0-0: Ball
1-0: Ball
2-0: Swinging Strike
2-1: SINGLE (Groundball, 25) (infield hit)
Batting: RHB Mike Brown 0-0: Called Strike
0-1: Called Strike
0-2: Ball
1-2: Foul Ball, location: 2F
1-2: Ball
2-2: SINGLE (Line Drive, 8LS)
Tony Martínez to second
Batting: LHB Mysterious Walker 0-0: Called Strike
0-1: Swinging Strike
0-2: Ball
Wild Pitch!
Tony Martínez to third
Mike Brown to second
1-2: Ground out 4-3 (Groundball, 4)
Tony Martínez scores
Mike Brown to third
Batting: RHB Albert Morales 0-0: Called Strike
0-1: Ball
1-1: Foul Ball, location: 2F
1-2: Ball
2-2: Ground out 5-3 (Groundball, 5L)
Bottom of the 4th over - 1 run(s), 2 hit(s), 0 error(s), 1 left on base; Vancouver 1 - Buckhead 1
TOP OF THE 5TH
Vancouver Grey Wolves batting - Pitching for Buckhead Bowties : RHP Germán Rodríguez
Batting: RHB Travis Newsome 0-0: Ball
1-0: Foul Ball, location: 2F
1-1: Ball
2-1: Ball
3-1: Foul Ball, location: 2F
3-2: Ground out 5-3 (Groundball, 5)
Batting: LHB David Hubbard 0-0: Called Strike
0-1: Ball
1-1: Swinging Strike
1-2: Ball
2-2: Ball
3-2: Base on Balls
Batting: LHB Thomas Campbell 0-0: Fly out, F8 (Flyball, 8RD)
Batting: RHB Danny Walsh 0-0: Ball
1-0: Called Strike
1-1: Called Strike
1-2: Ball
2-2: Ball
3-2: Strikes out looking
Top of the 5th over - 0 run(s), 0 hit(s), 0 error(s), 1 left on base; Vancouver 1 - Buckhead 1
BOTTOM OF THE 5TH
Buckhead Bowties batting - Pitching for Vancouver Grey Wolves : LHP Seung-hyeon So
Batting: RHB Lorenzo Díaz 0-0: Ball
1-0: Ground out 5-3 (Groundball, 5)
Batting: RHB Gabriel Rodríguez 0-0: Ball
1-0: DOUBLE (Line Drive, 8LS)
Batting: RHB Enrique Marroquín 0-0: Foul Ball, location: 2F
0-1: Ground out 6-3 (Groundball, 6M)
Gabriel Rodríguez to third
Batting: LHB Gregg Young 0-0: Ground out 4-3 (Groundball, 4)
Bottom of the 5th over - 0 run(s), 1 hit(s), 0 error(s), 1 left on base; Vancouver 1 - Buckhead 1
TOP OF THE 6TH
Vancouver Grey Wolves batting - Pitching for Buckhead Bowties : RHP Germán Rodríguez
Batting: LHB José Alonso 0-0: Called Strike
0-1: Fly out, F8 (Flyball, 8LM)
Batting: SHB Gregg Wagner 0-0: Ball
1-0: Swinging Strike
1-1: Called Strike
1-2: Strikes out swinging
Batting: LHB Emílio Barbán 0-0: Ground out 1-3 (Groundball, 15)
Top of the 6th over - 0 run(s), 0 hit(s), 0 error(s), 0 left on base; Vancouver 1 - Buckhead 1
BOTTOM OF THE 6TH
Buckhead Bowties batting - Pitching for Vancouver Grey Wolves : LHP Seung-hyeon So
Batting: LHB Neil Lawson 0-0: Ball
1-0: Ball
2-0: Ball
3-0: Base on Balls
Batting: LHB Tony Martínez 0-0: Grounds into double play, 4-6-3 (Groundball, 34)
Batting: RHB Mike Brown 0-0: Swinging Strike
0-1: Swinging Strike
0-2: Foul Ball, location: 2F
0-2: Strikes out swinging
Bottom of the 6th over - 0 run(s), 0 hit(s), 0 error(s), 0 left on base; Vancouver 1 - Buckhead 1
TOP OF THE 7TH
Vancouver Grey Wolves batting - Pitching for Buckhead Bowties : RHP Germán Rodríguez
Batting: LHB Min-heui Im 0-0: Ball
1-0: Ball
2-0: Ball
3-0: Called Strike
3-1: Fly out, F8 (Flyball, 8LM)
Batting: LHB Timmy Appeldoorn 0-0: Foul Ball, location: 2F
0-1: SINGLE (Flyball, 89M)
Batting: RHB Travis Newsome 0-0: Foul Ball, location: 2F
0-1: Ball
1-1: Called Strike
1-2: Ball
2-2: Ball
3-2: Base on Balls
Timmy Appeldoorn to second
Batting: LHB David Hubbard 0-0: Ball
1-0: Ball
2-0: Ball
3-0: Called Strike
3-1: Ground out 2-3 (Groundball, 25)
Timmy Appeldoorn to third
Travis Newsome to second
Batting: LHB Thomas Campbell 0-0: Ball
1-0: Called Strike
1-1: Ball
2-1: Foul Ball, location: 2F
2-2: Ground out 3-1 (Groundball, 34)
Top of the 7th over - 0 run(s), 1 hit(s), 0 error(s), 2 left on base; Vancouver 1 - Buckhead 1
BOTTOM OF THE 7TH
Buckhead Bowties batting - Pitching for Vancouver Grey Wolves : LHP Seung-hyeon So
Pinch Hitting: RHB Greg Robinson 0-0: Fly out, F8 (Flyball, 8RM)
Batting: RHB Albert Morales 0-0: Ball
1-0: Ball
2-0: Ball
3-0: Called Strike
3-1: Base on Balls
Pitching: LHP Kevin Woods
Pinch Runner at 1st Won-min Yi:
Pinch Hitting: RHB Joe Andrews 0-0: Foul Ball, location: 2F
0-1: Ball
1-1: Ball
Won-min Yi is caught stealing 2nd base
2-1: SINGLE (Line Drive, 6MD)
Batting: RHB Gabriel Rodríguez 0-0: Ground out 5-3 (Groundball, 5S)
Bottom of the 7th over - 0 run(s), 1 hit(s), 0 error(s), 1 left on base; Vancouver 1 - Buckhead 1
TOP OF THE 8TH
Vancouver Grey Wolves batting - Pitching for Buckhead Bowties : RHP Germán Rodríguez
Now at SS: Greg Robinson
Now in CF: Harrison Jones
Batting: RHB Danny Walsh 0-0: Ball
1-0: Fly out, F9 (Flyball, 9M)
Batting: LHB José Alonso 0-0: Ball
1-0: Ball
2-0: Swinging Strike
2-1: Ball
3-1: Base on Balls
Pinch Runner at 1st Alfredo Méndez:
Batting: SHB Gregg Wagner 0-0: Foul Ball, location: 2F
0-1: Ball
1-1: Foul Ball, location: 2F
1-2: Ball
2-2: Ball
3-2: SINGLE (Groundball, 4)
Alfredo Méndez to second
Alfredo Méndez to third
Pitching: RHP Kyle Buckman
Batting: LHB Emílio Barbán 0-0: Ball
1-0: Ground out 5-3 (Groundball, 5S)
Alfredo Méndez scores
Gregg Wagner to second
Batting: LHB Min-heui Im 0-0: Ball
1-0: Ball
2-0: Ball
3-0: Base on Balls
Batting: LHB Timmy Appeldoorn 0-0: Ball
1-0: Ball
2-0: Fly out, F8 (Flyball, 8RS)
Top of the 8th over - 1 run(s), 1 hit(s), 0 error(s), 2 left on base; Vancouver 2 - Buckhead 1
BOTTOM OF THE 8TH
Buckhead Bowties batting - Pitching for Vancouver Grey Wolves : LHP Kevin Woods
Pitching: RHP Burt Booth
Now in LF: Eric O'Neill
Batting: RHB Enrique Marroquín 0-0: Ball
1-0: Fly out, F8 (Flyball, 8LD)
Batting: LHB Gregg Young 0-0: Called Strike
0-1: Called Strike
0-2: Strikes out looking
Batting: LHB Neil Lawson 0-0: Ball
1-0: Ball
2-0: Called Strike
2-1: SINGLE (Line Drive, 56)
Batting: LHB Tony Martínez 0-0: Called Strike
0-1: Ball
1-1: Foul Ball, location: 2F
1-2: Fielders Choice at 2nd, 6-4 (Groundball, 6)
Bottom of the 8th over - 0 run(s), 1 hit(s), 0 error(s), 0 left on base; Vancouver 2 - Buckhead 1
TOP OF THE 9TH
Vancouver Grey Wolves batting - Pitching for Buckhead Bowties : RHP Kyle Buckman
Batting: RHB Travis Newsome 0-0: Ball
1-0: Ball
2-0: SINGLE (Groundball, 56D)
Batting: LHB David Hubbard 0-0: Called Strike
Travis Newsome is caught stealing 2nd base
0-1: SINGLE (Line Drive, 8RS)
Batting: LHB Thomas Campbell 0-0: Ball
1-0: Foul Ball, location: 2F
1-1: Foul Ball, location: 2F
1-2: Fly out, F8 (Flyball, 8RD)
Batting: RHB Danny Walsh 0-0: Ball
1-0: Foul Ball, location: 2F
1-1: Foul Ball, location: 2F
1-2: Ball
David Hubbard steals 2nd base
2-2: Ball
3-2: Foul Ball, location: 2F
3-2: Foul Ball, location: 2F
3-2: Fly out, F8 (Flyball, 8LM)
Top of the 9th over - 0 run(s), 2 hit(s), 0 error(s), 1 left on base; Vancouver 2 - Buckhead 1
BOTTOM OF THE 9TH
Buckhead Bowties batting - Pitching for Vancouver Grey Wolves : RHP Burt Booth
Pitching: RHP David Hudson
Batting: RHB Mike Brown 0-0: Ball
1-0: Called Strike
1-1: Foul Ball, location: 2F
1-2: Ball
2-2: Foul Ball, location: 2F
2-2: Ball
3-2: Foul Ball, location: 2F
3-2: Foul Ball, location: 2F
3-2: Base on Balls
Batting: RHB Greg Robinson 0-0: Ball
1-0: SINGLE (Line Drive, 3D)
Mike Brown to second
Runner from 2nd tries for 3rd, SAFE, throw made to third
Batting: RHB Won-min Yi 0-0: Ball
1-0: Foul Ball, location: 2F
1-1: Ball
2-1: Ground out 6-3 (Groundball, 6)
Greg Robinson to second
Batting: LHB Harrison Jones 0-0: Ball
1-0: Ball
2-0: Fly out, F4 (Line Drive, 4)
Batting: RHB Gabriel Rodríguez 0-0: Fly out, F8 (Flyball, 8RS)
Bottom of the 9th over - 0 run(s), 1 hit(s), 0 error(s), 2 left on base; Vancouver 2 - Buckhead 1
This league is powered by Out of the Park Baseball, the baseball management simulation game for PC, Mac and Linux
Monday, October 3rd, 2016 - OOTP Baseball 16.9 Build 39